 Dungeon Crawl Stone Soup version 0.20-a0-555-gf6ae02d (webtiles) character file.

7410 Devintownsend the Tortoise (level 10, -3/84 HPs)
             Began as a Minotaur Fighter on Feb 3, 2017.
             Was a High Priest of Okawaru.
             Slain by a six-headed hydra (4 damage)
             ... on level 9 of the Dungeon.
             The game lasted 00:40:42 (9197 turns).

Devintownsend the Tortoise (Minotaur Fighter)       Turns: 9197, Time: 00:40:44

Health: -3/84      AC: 22    Str: 24    XL:     10   Next: 92%
Magic:  9/9        EV: 13    Int:  5    God:    Okawaru [*****.]
Gold:   301        SH:  0    Dex: 13    Spells: 9/9 levels left

rFire    + + .     SeeInvis .   a - +8 hand axe of Contention {drain, rF+ rN+ Dex+3}
rCold    x . .     Gourm    .   F - +0 plate armour
rNeg     + . .     Faith    +   (no shield)
rPois    .         Spirit   .   S - +1 hat
rElec    .         Reflect  .   Q - +1 cloak
rCorr    .         Harm     .   n - +0 pair of gloves
MR       .....                  (no boots)
Stlth    ..........             W - amulet of faith
Regen    0.3/turn               H - ring of fire
                                b - +5 ring of evasion

@: no status effects
A: retaliatory headbutt, horns 2
a: Heroism, Finesse, Renounce Religion


You were on level 9 of the Dungeon.
You worshipped Okawaru.
Okawaru was extremely pleased with you.
You were hungry.

You visited 2 branches of the dungeon, and saw 11 of its levels.
You also visited: Sewer and Ossuary.

You collected 501 gold pieces.
You spent 200 gold pieces at shops.

Inventory:

Hand Weapons
 a - the +8 hand axe of Contention (weapon) {drain, rF+ rN+ Dex+3}
   (You bought it in a shop on level 9 of the Dungeon)

   A truly terrible weapon, it drains the life of those it strikes.
   It affects your dexterity (+3).
   It protects you from fire.
   It protects you from negative energy.
 P - a +2 battleaxe
 U - a +2 vampiric hand axe
Missiles
 L - 4 silver tomahawks (quivered)
Armour
 c - a +0 shield
 n - a +0 pair of gloves (worn)
 F - a +0 plate armour (worn)
 Q - a +1 cloak (worn)
 S - a +1 hat (worn)
Jewellery
 b - a +5 ring of evasion (left hand)
 q - an uncursed ring of see invisible
 D - an uncursed ring of ice
 H - a ring of fire (right hand)
 W - an amulet of faith (around neck)
Wands
 A - a wand of iceblast (6/15)
 C - a wand of iceblast (7/15)
 E - a wand of confusion (27/48)
 J - a wand of clouds (6/9)
 K - a wand of random effects (17/48)
 N - a wand of iceblast (12/15)
 O - a wand of paralysis (14/24)
 V - a wand of acid (8/15)
 Z - a wand of confusion (12/48)
Scrolls
 e - 5 scrolls of immolation
 k - 7 scrolls of remove curse
 l - a scroll of fog
 m - 2 scrolls of enchant armour
 p - 5 scrolls of amnesia
 v - 3 scrolls of random uselessness
 x - a scroll of fear
 y - 2 scrolls of teleportation
 G - 7 scrolls of identify
 Y - a scroll of recharging
Potions
 d - 2 potions of might
 h - 3 potions of curing
 j - a potion of degeneration
 o - a potion of resistance {unknown}
 r - 4 potions of lignification {unknown}
 s - 3 potions of mutation {unknown}
 t - a potion of berserk rage {unknown}
 u - 6 potions of flight {unknown}
 w - 3 potions of brilliance {unknown}
 z - 6 potions of heal wounds {unknown}
 B - a potion of cancellation {unknown}
 M - a potion of invisibility {unknown}
 R - 5 potions of agility {unknown}
 T - a potion of haste {unknown}
Books
 i - a book of Cantrips

   Spells                             Type                      Level
   a - Confusing Touch                Hexes                        1
   b - Animate Skeleton               Necromancy                   1
   c - Summon Small Mammal            Summoning                    1
   d - Apportation                    Translocation                1
Comestibles
 f - 11 bread rations
 g - 7 royal jellies
 I - 3 meat rations


   Skills:
 - Level 6.8 Fighting
 - Level 10.7 Axes
 + Level 15.2 Armour
 - Level 5.1 Shields


You had 9 spell levels left.
You didn't know any spells.

Dungeon Overview and Level Annotations

Branches:
Dungeon (10/15)            Temple (1/1) D:5            Lair (0/6) D:8
    Orc: D:9-12

Altars:
Ashenzari
Cheibriados
Dithmenos
Elyvilon
Fedhas
Gozag
Hepliaklqana
Kikubaaqudgha
Makhleb
Nemelex Xobeh
Okawaru
Qazlal
Ru
Sif Muna
Trog
Uskayaw
Vehumet
Xom
Yredelemnul
Zin
The Shining One

Shops:
D:9 (


Innate Abilities, Weirdness & Mutations

You reflexively headbutt those who attack you in melee.
You have a pair of horns on your head.


Message History

You see here a hippogriff corpse.
There is a stone staircase leading up here.
The six-headed hydra closely misses you.
The six-headed hydra bites you.
* * * LOW HITPOINT WARNING * * *
The six-headed hydra bites you but does no damage.
The six-headed hydra bites you.
* * * LOW HITPOINT WARNING * * *
The six-headed hydra misses you. The six-headed hydra bites you!
* * * LOW HITPOINT WARNING * * *
You climb upwards.
There is a stone staircase leading down here.
You feel better. The six-headed hydra barely misses you.
The six-headed hydra bites you.
* * * LOW HITPOINT WARNING * * *
The six-headed hydra bites you!
* * * LOW HITPOINT WARNING * * *
The six-headed hydra bites you but does no damage.
The six-headed hydra barely misses you. The six-headed hydra bites you.
You die...

#............# #
#............# #
#............##########
#......................
##........รท.............
#..............#########
#..........#####....#
###..........'........####
#........@...#........#.#.
#.........D..#........#...
#...#'#####..#........####
#...#.....#..#......<.....
#...#.....##.#............
#...#......#.#####........
###.#......#.....#........
#.#......#.....#........
#.########.....###......


You could see a six-headed hydra.

Vanquished Creatures
  A centaur warrior (D:9)
  A two-headed ogre (D:9)
  A cyclops (D:9)
  A troll (D:9)
  Grinder (D:4)
  Prince Ribbit (D:7)
  3 hippogriffs
  A spriggan (D:9)
  A hungry ghost (D:9)
  A water moccasin (D:6)
  5 porcupines (D:8)
  An ice beast (D:5)
  2 black bears
  A sky beast (D:7)
  An orc warrior (D:7)
  6 ogres
  A boggart (D:9)
  2 centaurs
  An elf zombie (Ossuary)
  A big kobold (Sewer)
  6 bullfrogs
  4 scorpions
  3 killer bees (D:7)
  3 wights (D:6)
  4 crimson imps
  2 howler monkeys
  A quasit (D:5)
  2 centaur zombies (Ossuary)
  4 orc priests
  A human zombie (Ossuary)
  6 jellies
  A bullfrog skeleton (D:6)
  5 hounds
  5 orc wizards
  3 iguanas
  6 worker ants
  A killer bee zombie (D:5)
  2 hound zombies (D:10)
  A hound skeleton (D:7)
  2 mummies (Ossuary)
  4 gnolls
  11 adders
  2 shadow imps
  An ooze (Sewer)
  3 adder zombies
  A worm (D:2)
  4 dart slugs
  2 leopard geckos
  20 orcs
  7 ball pythons
  12 bats
  5 giant cockroaches
  5 goblins
  4 hobgoblins
  15 jackals
  6 quokkas
  9 frilled lizards
  A goblin zombie (Ossuary)
  9 hobgoblin zombies (Ossuary)
  2 jackal zombies (Ossuary)
  23 kobolds
  8 kobold zombies (Ossuary)
  A leopard gecko skeleton (D:5)
  10 orc zombies (Ossuary)
  A quokka skeleton (D:4)
  A quokka zombie (D:5)
  10 rats
  A rat zombie (Ossuary)
  4 fungi (D:8)
  2 plants (D:8)
279 creatures vanquished.

Vanquished Creatures (others)
  2 fungi (D:8)
2 creatures vanquished.

Grand Total: 281 creatures vanquished

Notes
Turn   | Place    | Note
-------+----------+-------------------------------------------
     0 | D:1      | Devintownsend the Minotaur Fighter began the quest for the Orb.
     0 | D:1      | Reached XP level 1. HP: 19/19 MP: 0/0
   166 | D:1      | Reached XP level 2. HP: 19/27 MP: 1/1
   322 | D:1      | Reached skill level 4 in Armour
   343 | D:1      | Reached XP level 3. HP: 33/33 MP: 2/2
  1090 | D:2      | Reached XP level 4. HP: 35/40 MP: 3/3
  1737 | D:3      | Reached XP level 5. HP: 43/46 MP: 4/4
  1767 | D:3      | Reached skill level 5 in Armour
  2337 | D:3      | Found a radiant altar of Vehumet.
  2432 | D:3      | Reached skill level 5 in Shields
  2699 | D:4      | Reached skill level 5 in Axes
  2699 | D:4      | Reached XP level 6. HP: 51/53 MP: 5/5
  2927 | D:4      | Found a glowing drain.
  2933 | Sewer    | Entered a sewer
  2986 | Sewer    | Reached XP level 7. HP: 43/60 MP: 6/6
  3288 | D:4      | Noticed Grinder
  3300 | D:4      | Killed Grinder
  3300 | D:4      | Reached skill level 5 in Fighting
  3300 | D:4      | Reached skill level 6 in Armour
  3489 | D:5      | Entered Level 5 of the Dungeon
  4038 | D:5      | Found a staircase to the Ecumenical Temple.
  4059 | Temple   | Entered the Ecumenical Temple
  4092 | Temple   | Became a worshipper of Warmaster Okawaru
  4264 | D:5      | Reached XP level 8. HP: 46/69 MP: 7/7
  4373 | D:5      | Reached skill level 7 in Armour
  4856 | D:6      | Reached * piety under Okawaru
  5251 | D:6      | Found a burning altar of Makhleb.
  5322 | D:6      | HP: 2/71 [orc priest/divine providence (16)]
  5338 | D:6      | HP: 3/71 [orc wizard/magic dart (9)]
  5610 | D:6      | Reached skill level 10 in Axes
  5886 | D:6      | Reached skill level 8 in Armour
  5886 | D:6      | Reached XP level 9. HP: 78/78 MP: 8/8
  6423 | D:7      | Found a basalt altar of Yredelemnul.
  6424 | D:7      | Found a hazy altar of Hepliaklqana.
  6519 | D:7      | Found a sand-covered staircase.
  6529 | Ossuary  | Entered an ossuary
  6811 | D:7      | Reached skill level 9 in Armour
  6973 | D:7      | Noticed Prince Ribbit
  6991 | D:7      | Killed Prince Ribbit
  6991 | D:7      | Reached ** piety under Okawaru
  7079 | D:7      | Reached skill level 10 in Armour
  7437 | D:8      | Reached skill level 11 in Armour
  7630 | D:8      | Found a staircase to the Lair.
  7632 | D:8      | Reached *** piety under Okawaru
  7632 | D:8      | Reached skill level 12 in Armour
  7632 | D:8      | Reached XP level 10. HP: 73/84 MP: 9/9
  7971 | D:9      | Noticed a centaur warrior
  7980 | D:9      | Noticed a cyclops
  7981 | D:9      | Killed a centaur warrior
  7981 | D:9      | Reached skill level 13 in Armour
  7988 | D:9      | Killed a cyclops
  8031 | D:9      | HP: 3/84 [troll (4)]
  8032 | D:9      | HP: 1/84 [troll (3)]
  8447 | D:9      | Found Fijireva's Antique Weapon Shoppe.
  8452 | D:9      | Bought a steaming hand axe for 200 gold pieces
  8459 | D:9      | Identified the +8 hand axe of Contention {drain, rF+ rN+ Dex+3} (You bought it in a shop on level 9 of the Dungeon)
  8585 | D:9      | Reached **** piety under Okawaru
  8585 | D:9      | Reached skill level 14 in Armour
  8611 | D:9      | Noticed a two-headed ogre
  8624 | D:9      | Killed a two-headed ogre
  8656 | D:9      | Found a sacrificial altar of Ru.
  9041 | D:10     | Entered Level 10 of the Dungeon
  9046 | D:10     | Reached ***** piety under Okawaru
  9046 | D:10     | Reached skill level 15 in Armour
  9165 | D:10     | Noticed a six-headed hydra
  9176 | D:10     | Noticed a wizard
  9195 | D:10     | HP: 2/84 [six-headed hydra (9)]
  9197 | D:9      | Slain by a six-headed hydra

Vault maps used:
D:1:      tarquinn_simple_flora_water_b, nrook_mini_vaults, roderic_lattice_a
D:3:      nicolae_overflow_hidden_temple
D:4:      lightli_sewer_entry_pipes, first_bread, uniq_grinder
D:5:      temple_statues
D:6:      makhleb_heckhound_becter
D:7:      gammafunk_temple_overflow_statue,
          lightli_ossuary_entry_decrepit_ruins, uniq_prince_ribbit1
D:8:      due_lair_maze_entry_diamond
D:9:      minmay_bloctagon_deflated, serial_shops, shop, the_bakery,
          hangedman_ru_absence
D:10:     serial_shops, nicolae_shop_statue_plus, minmay_misc_feat_five,
          kb_rosetta
Temple:   compressed_dpeg_circular_temple
Sewer:    kennysheep_pipe_town
Ossuary:  ossuary_tomb_1

Skill      XL: |  1  2  3  4  5  6  7  8  9 10 |
---------------+-------------------------------+-----
Armour         | 4 5 6 8 12 15 | 15.2
Fighting       | 4 5 6 |  6.8
Shields        | 4 5 |  5.1
Axes           | 3 4 5 6 8 10 | 10.7

Action                   |  1- 3 |  4- 6 |  7- 9 | 10-12 || total
-------------------------+-------+-------+-------+-------++-------
Melee: War axe           |    93 |   158 |   203 |       ||   454
       Headbutt          |    13 |    20 |    53 |    26 ||   112
       Battleaxe         |       |       |   141 |    43 ||   184
       Hand axe          |       |       |       |    52 ||    52
  Use: Potion            |       |       |     3 |     3 ||     6
       Scroll            |       |       |    14 |     3 ||    17
  Eat: Chunk             |     1 |     6 |    11 |     6 ||    24
       Bread ration      |       |       |     1 |       ||     1
Armor: Scale mail        |    77 |    75 |    97 |       ||   249
       Plate armour      |       |       |   109 |    71 ||   180
Dodge: Dodged            |    35 |    68 |   118 |    64 ||   285
Block: Shield            |    73 |    99 |   106 |       ||   278
